 Dungeon Crawl Stone Soup version 0.27.1 (webtiles) character file.

Game seed: 1681164959226964733

839 pkoi the Archer (level 7, 0/50 HPs)
             Began as a Minotaur Hunter on Aug 22, 2021.
             Slain by a wyvern (7 damage)
             ... on level 5 of the Dungeon.
             The game lasted 00:05:18 (4527 turns).

pkoi the Archer (Minotaur Hunter)                   Turns: 4527, Time: 00:05:19

Health: 0/50       AC:  4    Str: 18    XL:     7   Next: 67%
Magic:  6/6        EV: 11    Int:  8    God:
Gold:   260        SH:  0    Dex: 11    Spells: 6/6 levels left

rFire    + . .     SeeInvis .   b - +11 dagger of Zetiadi {vorpal, rElec rF+}
rCold    . . .     Faith    .   (no shield)
rNeg     . . .     Spirit   .   c - +1 leather armour
rPois    .         Reflect  .   (helmet restricted)
rElec    +         Harm     .   (no cloak)
rCorr    .         Rampage  .   (no gloves)
Will     .....                  (no boots)
Stlth    +.........             (no amulet)
HPRegen  0.16/turn              (no ring)
MPRegen  0.10/turn              (no ring)

@: no status effects
A: horns 2, retaliatory headbutt, frail 1, mutation resistance 1
a: no special abilities


You were on level 5 of the Dungeon.
You visited 1 branch of the dungeon, and saw 5 of its levels.

You collected 260 gold pieces.

Inventory:

Hand Weapons
 a - a +1 shortbow
 b - the +11 dagger of Zetiadi (weapon) {vorpal, rElec rF+}
   (You found it on level 4 of the Dungeon)

   It inflicts extra damage upon your enemies.
   rF:        It protects you from fire.
   rElec:     It insulates you from electricity.
 l - a +0 short sword
 o - a +0 dagger of electrocution
Missiles
 d - 44 arrows
Armour
 c - a +1 leather armour (worn)
Jewellery
 e - an amulet of the acrobat
Wands
 n - a wand of iceblast (8)
 p - a wand of flame (22)
Scrolls
 h - 2 scrolls of identify
 m - a scroll of teleportation
Potions
 f - a potion of mutation
 g - a potion of heal wounds
 i - 3 potions of curing
 j - 2 potions of might {unknown}
 k - a potion of brilliance


   Skills:
 - Level 2.4 Fighting
 + Level 10.4 Bows
 - Level 2.1 Dodging
 - Level 0.7 Stealth


You had 6 spell levels left.
You didn't know any spells.
Your spell library contained the following spells:

 Spells                   Type           Power      Damage    Failure   Level
 Magic Dart               Conj           0%         1d3       45%         1
 Sandblast                Erth           0%         2d4       45%         1
 Passwall                 Tmut/Erth      0%         N/A       61%         2
 Searing Ray              Conj           0%         3d3       61%         2
 Slow                     Hex            0%         N/A       61%         2
 Confusing Touch          Hex            0%         N/A       83%         3
 Vampiric Draining        Necr           0%         2d6       83%         3
 Fulminant Prism          Conj/Hex       0%         3d6       99%         4
 Lee's Rapid Deconstruct  Erth           0%         3d5*      100%        5


Dungeon Overview and Level Annotations

Branches:
Dungeon (5/15)
 Temple: D:4-7

Altars:

Shops:
D:4 **


Innate Abilities, Weirdness & Mutations

You have a pair of horns on your head.
You reflexively headbutt those who attack you in melee.
You are frail. (-10% HP)
You are somewhat resistant to further mutation.


Message History

d - 42 arrows (gained 1)
d - 43 arrows (gained 1)
There is a stone staircase leading down here.
d - 44 arrows (gained 1)
You see here a +0 club.
d - 47 arrows (gained 3)
Things that are here:
a +0 hand axe; an orc skeleton
d - 50 arrows (gained 3)
d - 51 arrows (gained 1)
Found a stone staircase leading up.
A wyvern comes into view.
The wyvern hisses angrily.
You shoot an arrow. The arrow completely misses the wyvern.
You shoot an arrow. The arrow closely misses the wyvern.
You shoot an arrow. The arrow barely misses the wyvern.
You shoot an arrow. The arrow closely misses the wyvern.
You shoot an arrow. The arrow hits the wyvern.
The wyvern is lightly wounded.
The wyvern barely misses you.
You shoot an arrow. The arrow closely misses the wyvern.
The wyvern closely misses you. The wyvern bites you!
You shoot an arrow. The arrow hits the wyvern!
The wyvern is heavily wounded.
The wyvern bites you!
Unknown command.
b - the +11 dagger of Zetiadi (weapon)
{vorpal, rElec rF+} The wyvern misses you.
The gnoll sergeant shouts!
You hit the wyvern but do no damage.
The wyvern is heavily wounded.
You hear a shout!
The wyvern bites you!
* * * LOW HITPOINT WARNING * * *
You hit the wyvern but do no damage.
The wyvern is heavily wounded.
The wyvern bites you!
* * * LOW HITPOINT WARNING * * *
The wyvern bites you!
You die...

#....# .#### #....#
.< .go'....#
.#.##o#)...#
##.#..gg'....+
#.... #....# . #..#
####....#.##
..g.####..#
#.........#.
(.....l@..#
#...#####.#.
....####.####.#.###
#.#. # #......#...#
#.). ######.###.#
#... #.# #)# ###.
#.# #)# #. #.#
#.#####. #.#
#.......
..#######...


You could see a wyvern and a gnoll sergeant.

Vanquished Creatures
  Sigmund (D:3)
  A sky beast (D:5)
  A water moccasin (D:5)
  A necrophage (D:4)
  A water moccasin skeleton (D:5)
  A bullfrog skeleton (D:4)
  A centaur skeleton (D:4)
  An orc wizard (D:4)
  3 iguanas (D:4)
  A hound skeleton (D:4)
  6 gnolls
  2 adders
  An ufetubus (D:4)
  2 worms
  2 dart slugs
  9 orcs
  6 bats
  4 endoplasms
  2 giant cockroaches
  6 hobgoblins
  7 kobolds
  3 quokkas
  13 ball pythons
  6 frilled lizards
  10 goblins
  3 rats
94 creatures vanquished.

Notes
Turn   | Place    | Note
-------+----------+-------------------------------------------
     0 | D:1      | pkoi the Minotaur Hunter began the quest for the Orb.
     0 | D:1      | Reached XP level 1. HP: 18/18 MP: 0/0
    77 | D:1      | Reached XP level 2. HP: 25/25 MP: 1/1
   119 | D:1      | Reached skill level 5 in Bows
   585 | D:1      | Reached XP level 3. HP: 30/30 MP: 2/2
  1425 | D:2      | Reached skill level 6 in Bows
  1429 | D:2      | Found a faded altar of an unknown god.
  1688 | D:3      | Reached XP level 4. HP: 37/37 MP: 3/3
  1833 | D:3      | Noticed Sigmund
  1943 | D:3      | Killed Sigmund
  1944 | D:3      | Reached skill level 7 in Bows
  1944 | D:3      | Reached XP level 5. HP: 20/42 MP: 4/4
  2545 | D:4      | Noticed a necrophage
  2557 | D:4      | Killed a necrophage
  2558 | D:4      | Reached skill level 8 in Bows
  2558 | D:4      | Reached XP level 6. HP: 27/50 MP: 5/5
  2788 | D:4      | Found Iceac's General Store.
  2812 | D:4      | Found Ucuedwuwn's Lightly-Used Armoury.
  2966 | D:4      | Reached skill level 9 in Bows
  3036 | D:4      | Reached XP level 7. HP: 46/56 MP: 6/6
  3036 | D:4      | Identified the +11 dagger of Zetiadi {vorpal, rElec rF+}
  3504 | D:5      | Entered Level 5 of the Dungeon
  3515 | D:5      | Gained mutation: You are frail. (-10% HP) [potion of
                  | mutation]
  3515 | D:5      | Gained mutation: You are somewhat resistant to further
                  | mutation. [potion of mutation]
  3515 | D:5      | HP: 1/50 [poisoned by a water moccasin]
  3877 | D:5      | Reached skill level 10 in Bows
  4517 | D:5      | Noticed a wyvern
  4527 | D:5      | Slain by a wyvern

Illustrated notes

Levels and vault maps discovered:
D:1:      dpeg_arrival_more_subterranean_lakeside_camping, layout_loops_ring,
          minmay_misc_feat_rugged
D:2:      layout_basic, dilly_ecumenical_altar_fadedgnrine,
          minmay_quadrilaterals
D:3:      layout_basic, kennysheep_generic_room_10, uniq_sigmund
D:4:      layout_cave_pools, serial_shops, shop_coins, minmay_shop_damaged
D:5:      layout_basic, mainiacjoe_overflow_alcove_1

Skill      XL: |  1  2  3  4  5  6  7 |
---------------+----------------------+-----
Bows           | 5 6 7 8 9 10 | 10.4
Fighting       | |  2.4
Dodging        | |  2.1
Stealth        | |  0.7

Action                   |  1- 3 |  4- 6 |  7- 9 || total
-------------------------+-------+-------+-------++-------
Melee: Dagger            |       |     9 |    23 ||    32
       Headbutt          |       |     1 |       ||     1
       Shortbow          |       |       |     1 ||     1
 Fire: Shortbow          |   115 |   106 |    52 ||   273
  Use: Scroll            |     3 |     2 |     1 ||     6
       Potion            |       |       |     3 ||     3
Armor: Leather armour    |    12 |    14 |     5 ||    31
Dodge: Dodged            |    16 |    23 |    18 ||    57
